[Event "Friday 06 April Rapid Engine Tour 12+1 Rounds 9 Starts 1600ST"]
[Site "Infinity Chess"]
[Date "2018.4.6"]
[Round "6"]
[White "RonWeasley"]
[Black "Murx"]
[Result "1/2-1/2"]
[ECO "E32"]
[WhiteElo "2475"]
[BlackElo "2520"]
[WhiteEngine "BrainFish 010418 WM_CTG"]
[BlackEngine "BrainFish_180404_x64_bmi2"]
[EventType "Swiss"]
[WhiteTeam ""]
[BlackTeam ""]
[PlyCount "323"]
[TimeControl "720+1"]

1. d4 Nf6 2. c4 e6 3. Nc3 Bb4 4. Qc2 O-O 5. e4 d5 6. e5 Ne4 7. Bd3 c5 
8. Nf3 cxd4 9. Nxd4 Nd7 10. Bf4 Ndc5 11. O-O Bxc3 12. bxc3 Bd7 13. Be2 Na4 
14. cxd5 exd5 15. c4 Rc8 16. Rfc1 Nb6 17. Qb1 Nc5 18. cxd5 Nxd5 19. Bg3 Qa5 
20. Qb2 b6 21. f3 Na4 22. Qa3 Nac3 23. Qxa5 Nxe2+ 24. Nxe2 bxa5 25. h4 a4 
26. Bf2 a6 27. Rd1 Be6 28. a3 Rc2 29. Nd4 Rc4 30. Rac1 Rxc1 31. Rxc1 Rc8 
32. Ne2 Rb8 33. Rc2 h5 34. Nd4 Rc8 35. Rxc8+ Bxc8 36. Ne2 Kh7 37. Kh2 Kg6 
38. Bd4 Bd7 39. Kg3 Kf5 40. e6 fxe6 41. Bxg7 e5 42. Kf2 Nf4 43. Ng3+ Kg6 
44. Bf8 Nd3+ 45. Ke2 Nf4+ 46. Kf2 Nd3+ 47. Kg1 Nb2 48. Be7 Bb5 49. Kf2 Nd1+ 
50. Kg1 Nb2 51. Ne4 Kf5 52. Bc5 Nd1 53. Nd6+ Kg6 54. Bb4 Ne3 55. Kf2 Nd1+ 
56. Ke1 Ne3 57. Kf2 Nd1+ 58. Kg3 Ne3 59. Ne4 Kf5 60. Kf2 Nd1+ 61. Ke1 Ne3 
62. Kf2 Nd1+ 63. Ke1 Ne3 64. Ng3+ Kg6 65. Kf2 Nd1+ 66. Kg1 Ne3 67. Ne4 Bc6 
68. Kf2 Nf5 69. Bc3 Bxe4 70. fxe4 Nh6 71. Kf3 Ng4 72. Bd2 Kg7 73. Bg5 Kg6 
74. Be7 Kh6 75. Bc5 Kh7 76. Bd6 Kh6 77. Be7 Kh7 78. Bd6 Kg6 79. Bc7 Nh2+ 
80. Ke2 Ng4 81. Bd6 Kf7 82. Bc5 Ke6 83. Kd3 Kf6 84. Bf8 Ke6 85. Bc5 Nf6 
86. Bb6 Ng4 87. Be3 Kf7 88. Bg1 Kg6 89. Kc4 Nf6 90. Kd3 Kf7 91. Bf2 Ng4 
92. Bg3 Ke6 93. Be1 Nf6 94. Bc3 Ne8 95. Ke2 Kd6 96. Bb4+ Kd7 97. Kd3 Ke6 
98. Bc3 Nc7 99. Ke3 Ne8 100. g3 Nd6 101. Kf3 Nb5 102. Bb4 Nd4+ 103. Kg2 Nc2 
104. Bc5 Ne1+ 105. Kh3 Nd3 106. Be3 Nb2 107. g4 Nd1 108. Bb6 Nc3 109. gxh5 Nxe4 
110. h6 Kf6 111. h5 Kf7 112. Kg4 Nf6+ 113. Kg5 Ne4+ 114. Kg4 Nd6 115. Bc5 Nb7 
116. Be7 Kg8 117. Kf5 Kh7 118. Bf8 Na5 119. Kxe5 Nc4+ 120. Kf4 Nb2 121. Kg5 Nc4 
122. Bb4 Ne5 123. Kh4 Kxh6 124. Bd6 Nc4 125. Bf8+ Kh7 126. Be7 Kg7 127. Kg5 Ne3 
128. Bb4 Nd5 129. Bc5 Kg8 130. Bd6 Kg7 131. Bc5 Kf7 132. Bg1 Kg8 133. Kg6 Kh8 
134. Bh2 Ne7+ 135. Kf7 Nd5 136. Kg6 Ne7+ 137. Kh6 Nc6 138. Bg1 Kg8 139. Bf2 Ne7 
140. Be1 Kf7 141. Bd2 Nc6 142. Bc1 Ne7 143. Kg5 Nd5 144. Bb2 Kg8 145. Kg6 Ne7+ 
146. Kf6 Nd5+ 147. Kg6 Ne7+ 148. Kh6 Nd5 149. Ba1 Kf7 150. Be5 Nb6 151. Kg5 Nd5 
152. Bd4 Kg8 153. Bb2 Ne3 154. Kg6 Nd5 155. Be5 Ne7+ 156. Kh6 Nf5+ 157. Kg5 Ne7 
158. Bd6 Nc6 159. Kg6 Kh8 160. h6 a5 161. h7 Ne7+ 162. Bxe7 1/2-1/2

[Event "Friday 06 April Rapid Engine Tour 12+1 Rounds 9 Starts 1600ST"]
[Site "Infinity Chess"]
[Date "2018.4.6"]
[Round "6"]
[White "Eman"]
[Black "Demoralisator"]
[Result "1/2-1/2"]
[ECO "C53"]
[WhiteElo "2486"]
[BlackElo "2550"]
[WhiteEngine "Eman 1.70-beta17 64-bit POPCNT"]
[BlackEngine "Raubfisch X36b"]
[EventType "Swiss"]
[WhiteTeam ""]
[BlackTeam ""]
[PlyCount "93"]
[TimeControl "720+1"]

1. e4 e5 2. Nf3 Nc6 3. Bc4 Bc5 4. c3 Nf6 5. d3 d6 6. Bb3 O-O 7. O-O a5 8. Re1 h6 
9. h3 Ba7 10. Nbd2 b5 11. a4 b4 12. Bc4 Be6 13. Bb5 Ne7 14. d4 c6 15. Bd3 Ng6 
16. Nf1 Nh5 17. Be3 bxc3 18. bxc3 Nhf4 19. Ng3 Nxd3 20. Qxd3 Qc7 21. Nf5 Rfb8 
22. Qd1 Rb7 23. Rb1 Rxb1 24. Qxb1 Rd8 25. Qd3 c5 26. d5 c4 27. Qd2 Bxf5 
28. exf5 Bxe3 29. fxe3 Ne7 30. e4 Kh7 31. g4 Qd7 32. g5 Qxa4 33. Qf2 Qa3 
34. Qa7 Qxc3 35. Rf1 Ng8 36. Qxf7 Qe3+ 37. Rf2 c3 38. f6 Nxf6 39. gxf6 Rg8 
40. Qc7 c2 41. Qxc2 gxf6+ 42. Kf1 a4 43. Qxa4 Qd3+ 44. Ke1 Qe3+ 45. Kf1 Qd3+ 
46. Ke1 Qe3+ 47. Kf1 1/2-1/2

[Event "Friday 06 April Rapid Engine Tour 12+1 Rounds 9 Starts 1600ST"]
[Site "Infinity Chess"]
[Date "2018.4.6"]
[Round "6"]
[White "Prometheus"]
[Black "xeonrocks"]
[Result "1/2-1/2"]
[ECO "D30"]
[WhiteElo "2457"]
[BlackElo "2564"]
[WhiteEngine "Eman 1.70-beta15 64-bit BMI2"]
[BlackEngine "Stockfish_x64_bmi2_CTG"]
[EventType "Swiss"]
[WhiteTeam ""]
[BlackTeam ""]
[PlyCount "138"]
[TimeControl "720+1"]

1. d4 d5 2. c4 e6 3. Nf3 Nf6 4. Nc3 c6 5. Bg5 h6 6. Bxf6 Qxf6 7. e3 Nd7 
8. Bd3 dxc4 9. Bxc4 g6 10. O-O Bg7 11. e4 e5 12. d5 Nb6 13. Bb3 O-O 14. h3 Bd7 
15. Re1 a5 16. a3 Rfd8 17. Qd3 Be8 18. Qe3 Nc8 19. Rac1 Nd6 20. Ba2 Qe7 
21. Red1 Kh7 22. dxc6 bxc6 23. Rc2 Bf6 24. g3 Kg7 25. Kg2 Qa7 26. Qe2 Qe7 
27. Qe3 Qa7 28. Qe1 Qe7 29. Rd3 Rac8 30. Na4 Rb8 31. Nc5 Nb7 32. Rxd8 Qxd8 
33. Na4 h5 34. Rd2 Qe7 35. Qc1 Nd6 36. Nc5 h4 37. g4 Nb5 38. Re2 Qd6 39. Rd2 Nd4 
40. Qc4 Qe7 41. b4 Nxf3 42. Kxf3 axb4 43. axb4 Kh7 44. Bb3 Ra8 45. Ba4 Bg5 
46. Rd3 Kh8 47. Qc3 Rb8 48. Kg2 Ra8 49. Bc2 Kg8 50. Bb3 Kh8 51. Qc2 Kg7 
52. Qc3 Kh6 53. Qc4 Kg7 54. Rd1 Ra7 55. Qc2 Bf6 56. Qc1 Bg5 57. Qc3 Bf6 
58. Qd3 Rc7 59. Qa6 Ra7 60. Qc8 Bg5 61. Rd3 Rc7 62. Qa6 Ra7 63. Qc4 Kh6 
64. Rd1 Kg7 65. Qc3 Qc7 66. Nd3 Bf6 67. Nc5 Bg5 68. Kf1 Ra3 69. Kg2 Ra7 1/2-1/2

[Event "Friday 06 April Rapid Engine Tour 12+1 Rounds 9 Starts 1600ST"]
[Site "Infinity Chess"]
[Date "2018.4.6"]
[Round "6"]
[White "KQRBNP"]
[Black "MGR"]
[Result "1/2-1/2"]
[ECO "C50"]
[WhiteElo "2426"]
[BlackElo "2478"]
[WhiteEngine "Eman 1.70-beta17 64-bit POPCNT"]
[BlackEngine "CF 180327 64 POP N"]
[EventType "Swiss"]
[WhiteTeam ""]
[BlackTeam ""]
[PlyCount "98"]
[TimeControl "720+1"]

1. e4 e5 2. Nf3 Nc6 3. Bc4 Bc5 4. O-O Nf6 5. d3 d6 6. c3 O-O 7. h3 a5 8. Bb3 Be6 
9. a4 h6 10. Bxe6 fxe6 11. Be3 Bxe3 12. fxe3 d5 13. Nbd2 Rb8 14. Rf2 Qd6 
15. Qb3 Nd7 16. Re1 Nc5 17. Qc2 b6 18. d4 Nd7 19. Qb3 Rbd8 20. Qc2 exd4 
21. exd4 e5 22. Qb3 exd4 23. Qxd5+ Qxd5 24. exd5 dxc3 25. dxc6 cxd2 26. Rxd2 Nc5 
27. Rxd8 Rxd8 28. Re7 Na6 29. Rd7 Re8 30. Nd4 Kf8 31. b3 g6 32. Kf2 Re7 
33. Rd8+ Kf7 34. g4 Kf6 35. h4 Nc5 36. Rc8 Nd3+ 37. Kf3 Ke5 38. Nb5 Rf7+ 
39. Kg3 Nc5 40. Rxc7 Ne4+ 41. Kg2 Rxc7 42. Nxc7 Kd6 43. Nb5+ Kxc6 44. Kf3 Kd5 
45. Kf4 Nc5 46. Nc7+ Kd6 47. Nb5+ Kd5 48. Nc7+ Kd6 49. Nb5+ Kd5 1/2-1/2

[Event "Friday 06 April Rapid Engine Tour 12+1 Rounds 9 Starts 1600ST"]
[Site "Infinity Chess"]
[Date "2018.4.6"]
[Round "6"]
[White "Thinker"]
[Black "IronMan"]
[Result "1/2-1/2"]
[ECO "C11"]
[WhiteElo "2445"]
[BlackElo "2478"]
[WhiteEngine "BrainFish_180404_x64_modern_CTG"]
[BlackEngine "Eman 1.70-beta15 64-bit BMI2"]
[EventType "Swiss"]
[WhiteTeam ""]
[BlackTeam ""]
[PlyCount "137"]
[TimeControl "720+1"]

1. e4 e6 2. d4 d5 3. Nc3 Nf6 4. e5 Nfd7 5. f4 c5 6. Nf3 Be7 7. Be3 Nc6 
8. Qd2 O-O 9. dxc5 Nxc5 10. O-O-O b6 11. Kb1 Bb7 12. Qe1 a6 13. f5 Kh8 
14. h4 Qc7 15. h5 Rac8 16. Bd3 d4 17. Bxd4 Nxd4 18. Nxd4 b5 19. a3 h6 
20. fxe6 fxe6 21. Rf1 Nxd3 22. Rxf8+ Rxf8 23. Rxd3 Qb6 24. Qd1 Rf2 25. Qg4 Rxg2 
26. Qxe6 Qxe6 27. Nxe6 Bc8 28. Nf4 Rg1+ 29. Ka2 Kg8 30. Ng6 Be6+ 31. b3 Kf7 
32. Ne2 Re1 33. Nef4 Bg5 34. Nxe6 Kxe6 35. c4 Rc1 36. cxb5 axb5 37. Rd6+ Kf5 
38. e6 Kg4 39. Rd5 Kxh5 40. Ne5 Rc2+ 41. Kb1 Rc1+ 42. Kb2 Rc8 43. Nf3 Kg4 
44. Nxg5 hxg5 45. Rxb5 Re8 46. Rb7 Rxe6 47. Rxg7 Kf4 48. b4 g4 49. b5 Kf3 
50. a4 g3 51. Kc3 Re3+ 52. Kb4 Re4+ 53. Ka5 Rg4 54. Rxg4 Kxg4 55. b6 g2 
56. b7 g1=Q 57. b8=Q Qc5+ 58. Qb5 Qa7+ 59. Kb4 Qe7+ 60. Qc5 Qe1+ 61. Kb5 Qe8+ 
62. Qc6 Qb8+ 63. Ka6 Qf4 64. a5 Qd4 65. Kb5 Qb2+ 66. Ka6 Qe2+ 67. Kb7 Qb2+ 
68. Ka6 Qd4 69. Qg6+ 1/2-1/2

[Event "Friday 06 April Rapid Engine Tour 12+1 Rounds 9 Starts 1600ST"]
[Site "Infinity Chess"]
[Date "2018.4.6"]
[Round "6"]
[White "SkyPilot"]
[Black "THE_MACHINE"]
[Result "1/2-1/2"]
[ECO "C55"]
[WhiteElo "2479"]
[BlackElo "2496"]
[WhiteEngine "stockfish_x64_bmi2_2018_03_30_CTG"]
[BlackEngine "BrainFish_180404_x64_bmi2"]
[EventType "Swiss"]
[WhiteTeam ""]
[BlackTeam ""]
[PlyCount "103"]
[TimeControl "720+1"]

1. e4 e5 2. Nf3 Nc6 3. Bc4 Nf6 4. d3 Bc5 5. c3 d6 6. O-O O-O 7. Bg5 h6 8. Bh4 g5 
9. Bg3 a6 10. Bb3 Ba7 11. Nbd2 Na5 12. Ba4 Nh5 13. b4 Nxg3 14. hxg3 Nc6 
15. Bxc6 bxc6 16. Nb3 Bg4 17. Na5 Qe8 18. Qd2 f6 19. d4 Kg7 20. a4 Bd7 
21. Rfe1 Qf7 22. Qd3 Rfe8 23. Rad1 Kg8 24. Nh2 Rf8 25. g4 Kg7 26. Nf1 Bxg4 
27. Ne3 Bd7 28. Nf5+ Kh7 29. g3 h5 30. Kg2 exd4 31. cxd4 Rae8 32. Qc2 h4 
33. Nxc6 Bxf5 34. exf5 Qd5+ 35. f3 g4 36. Re6 Rxe6 37. fxe6+ Kh8 38. Qd2 gxf3+ 
39. Kg1 Qxc6 40. Qh6+ Kg8 41. Qg6+ Kh8 42. Qh5+ Kg7 43. Qg4+ Kh6 44. Qxh4+ Kg7 
45. Qg4+ Kh6 46. Qh3+ Kg5 47. Qh4+ Kg6 48. Qg4+ Kh7 49. Qh5+ Kg7 50. Qg4+ Kh6 
51. Qf4+ Kg7 52. Qg4+ 1/2-1/2

[Event "Friday 06 April Rapid Engine Tour 12+1 Rounds 9 Starts 1600ST"]
[Site "Infinity Chess"]
[Date "2018.4.6"]
[Round "6"]
[White "star99"]
[Black "Brtroy"]
[Result "1/2-1/2"]
[ECO "D31"]
[WhiteElo "2426"]
[BlackElo "2520"]
[WhiteEngine "Cryptic Heroes 9.3B"]
[BlackEngine "Stockfish_18040400_x64_bmi2_CTG"]
[EventType "Swiss"]
[WhiteTeam ""]
[BlackTeam ""]
[PlyCount "165"]
[TimeControl "720+1"]

1. d4 d5 2. c4 e6 3. Nc3 c6 4. Nf3 Nf6 5. Bg5 h6 6. Bxf6 Qxf6 7. e3 Nd7 
8. Bd3 dxc4 9. Bxc4 g6 10. Qc2 Bg7 11. Rd1 O-O 12. Bb3 Qe7 13. Ne4 Nf6 
14. O-O Nxe4 15. Qxe4 a5 16. Ne5 a4 17. Bc4 Bd7 18. Nxd7 Qxd7 19. Rc1 Qe7 
20. g3 Rfd8 21. Rfd1 h5 22. h4 a3 23. bxa3 Rxa3 24. Rb1 Rd7 25. Qc2 Ra5 
26. a4 Qd8 27. Kg2 Qa8 28. Bb3 Kh7 29. Qe2 Kg8 30. Rdc1 c5 31. dxc5 b5+ 
32. c6 bxa4 33. Ba2 a3 34. Rb6 Rc7 35. Qd1 Qe8 36. Rc4 Ra8 37. Qd6 Qc8 
38. Qf4 Rb8 39. Rcb4 Rxb6 40. Rxb6 Bf8 41. Qc4 Kg7 42. Bb1 Qd8 43. Be4 Qd2 
44. Ra6 Bd6 45. Ra8 Qb2 46. Kg1 Qb4 47. Qc2 Qb2 48. Qd3 Be7 49. Kg2 Kf6 
50. Qc4 Bd6 51. Qd3 Be7 52. Bf3 Kg7 53. Qd1 Qe5 54. Qf1 Bd6 55. Qa6 Kf6 
56. Rd8 Qc5 57. Ra8 Qb4 58. Qd3 Kg7 59. Qf1 Be7 60. Qe2 Qc5 61. Qa6 Bd6 
62. Qa4 Be7 63. Qa6 Kf6 64. Qd3 Rxc6 65. Rxa3 Qxa3 66. Qxa3 Bxa3 67. Bxc6 Bf8 
68. Bf3 Bc5 69. Bb7 e5 70. Bd5 Bb4 71. f3 Bc5 72. e4 Kg7 73. Bc6 f6 74. Bd5 Bd4 
75. Kf1 f5 76. exf5 gxf5 77. Kg2 Kg6 78. Bc6 Kg7 79. g4 fxg4 80. fxg4 hxg4 
81. Kg3 Bc3 82. Bd5 Be1+ 83. Kxg4 1/2-1/2

[Event "Friday 06 April Rapid Engine Tour 12+1 Rounds 9 Starts 1600ST"]
[Site "Infinity Chess"]
[Date "2018.4.6"]
[Round "5"]
[White "Macho"]
[Black "Dovahkiin"]
[Result "1/2-1/2"]
[ECO "C50"]
[WhiteElo "2430"]
[BlackElo "2334"]
[WhiteEngine "asmFishW_2018-04-01_popcnt_CTG"]
[BlackEngine "corchess_x64_modern_CTG"]
[EventType "Swiss"]
[WhiteTeam ""]
[BlackTeam ""]
[PlyCount "84"]
[TimeControl "720+1"]

1. e4 e5 2. Nf3 Nc6 3. Bc4 Bc5 4. O-O Nf6 5. d3 d6 6. c3 O-O 7. Bg5 h6 8. Bh4 a5 
9. h3 Qe7 10. Re1 g5 11. Bg3 Nh5 12. Nxe5 Nxg3 13. Nxc6 bxc6 14. d4 Nxe4 
15. Nd2 d5 16. Nxe4 dxe4 17. dxc5 Bf5 18. b4 Qe5 19. Qd2 Rfb8 20. Rab1 Bg6 
21. Rbd1 Qf6 22. Re3 Kg7 23. a3 Rd8 24. Qc2 h5 25. Rxd8 Qxd8 26. g4 hxg4 
27. hxg4 Qf6 28. Bf1 axb4 29. cxb4 Qa1 30. Qc3+ Qxc3 31. Rxc3 Kf6 32. Re3 Ke5 
33. Be2 f6 34. Bc4 Rd8 35. Kf1 Rd4 36. Be2 Rd2 37. Bc4 Rc2 38. Bb3 Rc1+ 
39. Re1 Rc3 40. Re3 Rc1+ 41. Re1 Rc3 42. Re3 Rc1+ 1/2-1/2

[Event "Friday 06 April Rapid Engine Tour 12+1 Rounds 9 Starts 1600ST"]
[Site "Infinity Chess"]
[Date "2018.4.6"]
[Round "5"]
[White "KhalidOmar"]
[Black "angriff"]
[Result "1/2-1/2"]
[ECO "D30"]
[WhiteElo "2419"]
[BlackElo "2356"]
[WhiteEngine "Eman 1.70-beta17 64-bit BMI2"]
[BlackEngine "DracoREX 3.07 64BIT POPCNT_CTG"]
[EventType "Swiss"]
[WhiteTeam ""]
[BlackTeam ""]
[PlyCount "93"]
[TimeControl "720+1"]

1. d4 d5 2. c4 e6 3. Nf3 Nf6 4. g3 Bb4+ 5. Bd2 Be7 6. Qc2 Nbd7 7. Bg2 O-O 
8. O-O c6 9. Rd1 b6 10. Bf4 Bb7 11. Ne5 Nh5 12. Be3 Nhf6 13. cxd5 cxd5 
14. Nc6 Bxc6 15. Qxc6 Rc8 16. Qb5 Ne8 17. Nc3 Nd6 18. Qa6 Nb8 19. Qd3 Nc6 
20. Bf4 Nc4 21. Bc1 Nb4 22. Qb1 f5 23. e3 g5 24. Bf1 Nd6 25. Bd2 Qe8 26. a3 Nc6 
27. Rc1 Na5 28. Qa2 Kg7 29. Bd3 Rf6 30. Ba6 Qh5 31. Bxc8 Rh6 32. Bxe6 Nac4 
33. b3 Qxh2+ 34. Kf1 Ne4 35. Nxe4 fxe4 36. Ke2 Qh5+ 37. g4 Qh3 38. Rf1 Qf3+ 
39. Ke1 Rh1 40. a4 Rxf1+ 41. Kxf1 Nxd2+ 42. Qxd2 Qh1+ 43. Ke2 Qf3+ 44. Ke1 Qh1+ 
45. Ke2 Qf3+ 46. Ke1 Qh1+ 47. Ke2 1/2-1/2

[Event "Friday 06 April Rapid Engine Tour 12+1 Rounds 9 Starts 1600ST"]
[Site "Infinity Chess"]
[Date "2018.4.6"]
[Round "5"]
[White "localhero"]
[Black "Vimtiroba"]
[Result "1/2-1/2"]
[ECO "C53"]
[WhiteElo "2395"]
[BlackElo "2400"]
[WhiteEngine "asmFishW_2017-10-04_popcnt"]
[BlackEngine "SF9 ''M28''_CTG"]
[EventType "Swiss"]
[WhiteTeam ""]
[BlackTeam ""]
[PlyCount "76"]
[TimeControl "720+1"]

1. e4 e5 2. Nf3 Nc6 3. Bc4 Bc5 4. c3 Nf6 5. d3 a5 6. O-O d6 7. Bg5 h6 8. Bh4 O-O 
9. a4 Be6 10. Nbd2 Qe7 11. Re1 g5 12. Bg3 Ne8 13. Bxe6 fxe6 14. Nc4 Qf7 
15. Qb3 Rb8 16. Rf1 Ng7 17. Qb5 Qe8 18. Rad1 Nh5 19. d4 exd4 20. cxd4 Ba7 
21. Ne3 Rxf3 22. gxf3 Bxd4 23. Ng4 Kg7 24. Rc1 Ba7 25. Rc3 Bd4 26. Rcc1 Ba7 
27. e5 d5 28. Nf6 Qf7 29. Rxc6 bxc6 30. Qxc6 Bb6 31. Nd7 Rg8 32. Re1 Qxf3 
33. Qxe6 Nf4 34. Qf6+ Kh7 35. Qf7+ Kh8 36. Qf6+ Kh7 37. Qf7+ Kh8 38. Qf6+ Kh7 
1/2-1/2

[Event "Friday 06 April Rapid Engine Tour 12+1 Rounds 9 Starts 1600ST"]
[Site "Infinity Chess"]
[Date "2018.4.6"]
[Round "5"]
[White "fati64"]
[Black "CrapCleaner"]
[Result "1/2-1/2"]
[ECO "D31"]
[WhiteElo "2431"]
[BlackElo "2440"]
[WhiteEngine "BrainFish_180404_x64"]
[BlackEngine "Raubfisch ME262_GTZ17_CTG"]
[EventType "Swiss"]
[WhiteTeam ""]
[BlackTeam ""]
[PlyCount "144"]
[TimeControl "720+1"]

1. d4 d5 2. c4 e6 3. Nc3 c6 4. e4 dxe4 5. Nxe4 Bb4+ 6. Bd2 Qxd4 7. Bxb4 Qxe4+ 
8. Be2 Na6 9. Ba5 b6 10. Qd6 Bd7 11. Bc3 f6 12. Nf3 Nh6 13. Rd1 Rd8 14. Qa3 Bc8 
15. Nd2 Qf4 16. Bh5+ Nf7 17. O-O c5 18. Qa4+ Ke7 19. Rfe1 Ng5 20. Re3 Rd6 
21. Rde1 Rhd8 22. Nf3 Kf8 23. a3 Nf7 24. h3 Rd3 25. Rxd3 Rxd3 26. Be5 fxe5 
27. Bxf7 Nc7 28. Bg6 Rxf3 29. Qxa7 Qd2 30. Rf1 hxg6 31. Qxc7 Rb3 32. Qxc8+ Kf7 
33. Qb7+ Kf6 34. Qb8 Kf7 35. Qxe5 Rxb2 36. Qc7+ Kf6 37. g3 g5 38. a4 Qe2 
39. a5 bxa5 40. Qxc5 Kg6 41. Qxa5 Qxc4 42. Qa1 Qd4 43. Qa8 Qe5 44. Qe8+ Kf6 
45. Qh5 Qd5 46. Qe8 Qe4 47. Rc1 Rc2 48. Qd8+ Kg6 49. Rxc2 Qxc2 50. Qe8+ Kf6 
51. Qh5 Qc6 52. Qe2 Ke7 53. Qe5 Qc1+ 54. Kg2 Kf7 55. Qe4 Kf6 56. Qd3 Kf7 
57. Qh7 Qc6+ 58. Kf1 Qh1+ 59. Ke2 Qd5 60. f3 Qa2+ 61. Kf1 Kf6 62. Qd3 Kf7 
63. Qd7+ Kf6 64. Qd4+ Kf7 65. Qd3 Qd5 66. Qxd5 exd5 67. Ke2 Ke6 68. f4 gxf4 
69. gxf4 d4 70. Kd3 Kf5 71. Kxd4 Kxf4 72. Kd5 g6 1/2-1/2

[Event "Friday 06 April Rapid Engine Tour 12+1 Rounds 9 Starts 1600ST"]
[Site "Infinity Chess"]
[Date "2018.4.6"]
[Round "5"]
[White "Marsell"]
[Black "RonWeasley"]
[Result "1/2-1/2"]
[ECO "C11"]
[WhiteElo "2466"]
[BlackElo "2475"]
[WhiteEngine "asmFishW_2018-04-02_bmi2"]
[BlackEngine "BrainFish 010418 WM_CTG"]
[EventType "Swiss"]
[WhiteTeam ""]
[BlackTeam ""]
[PlyCount "110"]
[TimeControl "720+1"]

1. e4 e6 2. d4 d5 3. Nc3 Nf6 4. e5 Nfd7 5. f4 c5 6. Nf3 Nc6 7. Be3 cxd4 
8. Nxd4 Qb6 9. Qd2 Qxb2 10. Rb1 Qa3 11. Bb5 Nxd4 12. Bxd4 a6 13. Bxd7+ Bxd7 
14. Rb3 Qe7 15. Rxb7 Rc8 16. O-O Qd8 17. f5 exf5 18. Qd3 Bc5 19. Bxc5 Rxc5 
20. Nxd5 Bc8 21. Re7+ Kf8 22. Qa3 Qa5 23. Qxa5 Rxa5 24. Rc7 Be6 25. Nf4 Rxe5 
26. Nxe6+ Rxe6 27. Rxf5 Re7 28. Rc8+ Re8 29. Rc7 Re7 30. Rc8+ Re8 31. Rfc5 Ke7 
32. R8c6 g6 33. Kf2 Ra8 34. Rc7+ Kf6 35. Rc3 Kg7 36. Rf3 Rhf8 37. Kg3 Rad8 
38. Rf2 Rde8 39. h3 Re3+ 40. Kh2 h5 41. c3 a5 42. a4 Kh6 43. Rc5 f5 
44. Rxa5 Rxc3 45. Ra6 f4 46. a5 Ra3 47. h4 Rf5 48. Ra7 Rfxa5 49. Rxa5 Rxa5 
50. Rxf4 Ra6 51. Re4 g5 52. hxg5+ Kxg5 53. Re8 h4 54. Rg8+ Kh6 55. Rf8 Kg5 
1/2-1/2

[Event "Friday 06 April Rapid Engine Tour 12+1 Rounds 9 Starts 1600ST"]
[Site "Infinity Chess"]
[Date "2018.4.6"]
[Round "5"]
[White "THE_MACHINE"]
[Black "hafaba"]
[Result "1-0"]
[ECO "C50"]
[WhiteElo "2480"]
[BlackElo "2469"]
[WhiteEngine "BrainFish_180404_x64_bmi2"]
[BlackEngine "Eman 1.70-beta15 64-bit POPCNT_CTG"]
[EventType "Swiss"]
[WhiteTeam ""]
[BlackTeam ""]
[PlyCount "165"]
[TimeControl "720+1"]

1. e4 e5 2. Nf3 Nc6 3. Bc4 Bc5 4. O-O Nf6 5. d3 d6 6. c3 a5 7. Nbd2 O-O 
8. Re1 Be6 9. Bb5 Qb8 10. Nf1 Qa7 11. Be3 Bxe3 12. Nxe3 Ne7 13. a4 Ng6 
14. Bc4 Nf4 15. Bxe6 Nxe6 16. Qd2 Rfe8 17. b4 Qb8 18. g3 Qc8 19. Qc2 h6 
20. b5 b6 21. Kg2 Qb7 22. c4 Qc8 23. Ng1 Nh7 24. Ne2 Neg5 25. Ng1 Ne6 
26. Qd1 Nd4 27. Ne2 Nxe2 28. Qxe2 Ng5 29. Qh5 Ne6 30. Nd5 Qd7 31. f4 f6 
32. f5 Nd4 33. Rg1 Nc2 34. Rad1 Ra7 35. g4 Qf7 36. Qh4 Nd4 37. Qf2 c6 
38. bxc6 Nxc6 39. Rb1 Nd4 40. h4 Rf8 41. Kh1 Qe8 42. Qa2 Kh8 43. Rxb6 Rd7 
44. Rgb1 Rd8 45. Nc7 Qe7 46. Nd5 Qe8 47. Qg2 Rd7 48. Qd2 Nf3 49. Qd1 Nd4 
50. R1b2 Qf7 51. Qd2 Rdd8 52. Kg2 Qe8 53. Rb7 Rd7 54. Qxa5 Nc6 55. Qa6 Qc8 
56. R2b6 Rxb7 57. Qxb7 Qxb7 58. Rxb7 Na5 59. Rb6 Rd8 60. Nc7 h5 61. Ne6 Rc8 
62. gxh5 Nc6 63. Kg3 Kh7 64. Rb7 Rg8 65. Rd7 Kh6 66. Rxd6 Ne7 67. c5 Rc8 
68. Rd7 Re8 69. Nc7 Rb8 70. Rxe7 Rd8 71. Re8 Rxd3+ 72. Kg4 Kh7 73. Ne6 Re3 
74. h6 gxh6 75. c6 Rxe4+ 76. Kh5 Rc4 77. c7 Rxc7 78. Nxc7 Kg7 79. Re6 e4 
80. Rxe4 Kh7 81. Re7+ Kh8 82. Kg6 h5 83. Re8# 1-0

[Event "Friday 06 April Rapid Engine Tour 12+1 Rounds 9 Starts 1600ST"]
[Site "Infinity Chess"]
[Date "2018.4.6"]
[Round "5"]
[White "Eman"]
[Black "Deep_Impact"]
[Result "1/2-1/2"]
[ECO "D11"]
[WhiteElo "2487"]
[BlackElo "2473"]
[WhiteEngine "Eman 1.70-beta17 64-bit POPCNT"]
[BlackEngine "BrainFish_180404_x64_modern"]
[EventType "Swiss"]
[WhiteTeam ""]
[BlackTeam ""]
[PlyCount "67"]
[TimeControl "720+1"]

1. d4 d5 2. c4 c6 3. Nf3 e6 4. e3 Nf6 5. b3 c5 6. Bb2 cxd4 7. Qxd4 Nc6 
8. Qd1 Bd6 9. Nc3 O-O 10. cxd5 exd5 11. Be2 a6 12. Rc1 Re8 13. O-O h6 14. a3 Be6 
15. b4 Rc8 16. Re1 Qe7 17. Na4 Ne4 18. h3 Qd8 19. Bd3 b5 20. Nc3 Be5 
21. Nxe5 Nxe5 22. Be2 Nxf2 23. Kxf2 Qh4+ 24. Kf1 Bxh3 25. Nxd5 Rcd8 26. e4 Re6 
27. Bf3 Bxg2+ 28. Bxg2 Rxd5 29. exd5 Rf6+ 30. Kg1 Qf2+ 31. Kh1 Qh4+ 32. Kg1 Qf2+ 
33. Kh1 Qh4+ 34. Kg1 1/2-1/2

[Event "Friday 06 April Rapid Engine Tour 12+1 Rounds 9 Starts 1600ST"]
[Site "Infinity Chess"]
[Date "2018.4.6"]
[Round "5"]
[White "Brtroy"]
[Black "MarioDeMonti"]
[Result "1-0"]
[ECO "E32"]
[WhiteElo "2505"]
[BlackElo "2489"]
[WhiteEngine "Stockfish_18040400_x64_bmi2_CTG"]
[BlackEngine "stockfish_x64_bmi2_2018_02_18_CTG"]
[EventType "Swiss"]
[WhiteTeam ""]
[BlackTeam ""]
[PlyCount "175"]
[TimeControl "720+1"]

1. d4 Nf6 2. c4 e6 3. Nc3 Bb4 4. Qc2 O-O 5. Nf3 c5 6. dxc5 Na6 7. g3 Nxc5 
8. Bg2 b6 9. O-O Bb7 10. Nb5 Be4 11. Qd1 a6 12. Nd6 Bc6 13. a3 Ba4 14. b3 Bxb3 
15. Qd4 Ba5 16. Bg5 Ba4 17. Rab1 Bc2 18. Rb2 Be4 19. Rd1 h6 20. Bh4 Bh7 
21. Qe3 Rb8 22. Rd4 Na4 23. Rb4 b5 24. cxb5 Bxb4 25. axb4 Rxb5 26. Nxb5 axb5 
27. Ne5 Nb6 28. Nc6 Nbd5 29. Nxd8 Nxe3 30. Bxf6 gxf6 31. Rxd7 Nxg2 32. Kxg2 Be4+ 
33. f3 Bd5 34. Kf2 h5 35. Ke3 Kg7 36. Kd4 Bc4 37. e3 Kg6 38. Kc5 Be2 39. f4 h4 
40. gxh4 Rh8 41. Nxf7 Rc8+ 42. Kd6 Rc3 43. e4 Rf3 44. h5+ Kxh5 45. Kxe6 Rxf4 
46. Nd6 Kg6 47. Rc7 Rf2 48. h3 Bd3 49. Rc3 Rf3 50. Rc8 Rf4 51. Kd5 Rf3 
52. h4 Be2 53. Rg8+ Kh7 54. Rg2 Bf1 55. Rg1 Be2 56. Rg2 Bf1 57. Rg1 Rf2 
58. Kc5 Bd3 59. Kd4 Rf3 60. Re1 Kg6 61. Re3 Rxe3 62. Kxe3 Bf1 63. Kd4 Kh5 
64. Nf5 Bc4 65. Ne3 Bf7 66. Kc5 Be8 67. Nd5 Kg6 68. Nc7 Bd7 69. Nxb5 f5 
70. exf5+ Bxf5 71. Nd4 Be4 72. b5 Kh5 73. Kd6 Kg4 74. Nc6 Bf5 75. Kc7 Bc2 
76. b6 Kxh4 77. b7 Be4 78. b8=Q Kg3 79. Qb2 Bf5 80. Qe5+ Kg4 81. Qe3 Bg6 
82. Kd6 Be8 83. Nd4 Ba4 84. Ke5 Bd1 85. Nf5 Bc2 86. Qg3+ Kh5 87. Kf4 Bb1 
88. Qg4# 1-0

[Event "Friday 06 April Rapid Engine Tour 12+1 Rounds 9 Starts 1600ST"]
[Site "Infinity Chess"]
[Date "2018.4.6"]
[Round "5"]
[White "Demoralisator"]
[Black "MCDermont"]
[Result "1/2-1/2 "]
[ECO "C11"]
[WhiteElo "2552"]
[BlackElo "2494"]
[WhiteEngine "S_XPrO.180318a.64.POPCNT"]
[BlackEngine "BrainFish 010418 WM_CTG"]
[EventType "Swiss"]
[WhiteTeam ""]
[BlackTeam ""]
[PlyCount "83"]
[TimeControl "720+1"]

1. e4 e6 2. d4 d5 3. Nc3 Nf6 4. e5 Nfd7 5. f4 c5 6. Nf3 Nc6 7. Be3 cxd4 
8. Nxd4 Qb6 9. Qd2 Qxb2 10. Rb1 Qa3 11. Bb5 Nxd4 12. Bxd4 a6 13. Bxd7+ Bxd7 
14. Rb3 Qe7 15. Rxb7 Rc8 16. O-O Qd8 17. f5 exf5 18. Qd3 Bc5 19. Bxc5 Rxc5 
20. Nxd5 Bc8 21. Re7+ Kf8 22. Qa3 Qa5 23. Qxa5 Rxa5 24. Rc7 Be6 25. Nf4 Rxe5 
26. Nxe6+ Rxe6 27. Rxf5 Re7 28. Rc8+ Re8 29. Rfc5 Ke7 30. R8c6 g6 31. a3 Ra8 
32. Rc7+ Kf8 33. Rc3 Re8 34. Ra7 Kg7 35. Rf3 Rhf8 36. Rxa6 Re7 37. c4 Rd8 
38. Raf6 Rd2 39. R6f4 Ra2 40. h4 Re1+ 41. Rf1 Re7 42. R1f3 1/2-1/2